 Dungeon Crawl Stone Soup version 0.30-a0-782-ge64f9170bb (console) character file.

Game seed: 12919294385086943216

28 utis the Magician (level 3, -1/20 HPs)
             Began as a Tengu Hedge Wizard on Feb 26, 2023.
             Slain by Terence
             ... wielding a +0 falchion
              (8 damage)
             ... on level 1 of the Dungeon.
             The game lasted 00:04:47 (1208 turns).

utis the Magician (Tengu Hedge Wizard)              Turns: 1208, Time: 00:04:47

Health: -1/20      AC:  2    Str: 10    XL:     3   Next: 12%
Magic:  1/8        EV: 12    Int: 16    God:
Gold:   92         SH:  0    Dex: 13    Spells: 1/8 levels left

rFire   . . .      SeeInvis .    i - +0 short sword
rCold   . . .      Faith    .    (no shield)
rNeg    . . .      Spirit   .    b - +0 robe
rPois   .          Reflect  .    c - +0 hat
rElec   .          Harm     .    (no cloak)
rCorr   .          Rampage  .    (no gloves)
Will    .....                    (boots unavailable)
Stlth   ++                       (no amulet)
HPRegen 0.23/turn                (no ring)
MPRegen 0.11/turn                (no ring)

@: very slightly contaminated
A: beak, talons 3
a: no special abilities


You were on level 1 of the Dungeon.
You visited 1 branch of the dungeon, and saw 2 of its levels.

You collected 92 gold pieces.

Inventory:

Hand Weapons
 a - a +0 dagger
 i - a +0 short sword (weapon)
Missiles
 g - 3 datura-tipped darts
Armour
 b - a +0 robe (worn)
 c - a +0 hat (worn)
Jewellery
 C - a ring of ice
Scrolls
 h - 2 scrolls of enchant weapon {unknown}
Potions
 d - a potion of magic
 e - a potion of curing {unknown}
 f - a potion of flight {unknown}


   Skills:
 + Level 1.0 Fighting
 + Level 2.6 Dodging
 - Level 2.0 Stealth
 + Level 3.0 Spellcasting
 + Level 2.9 Conjurations
 - Level 1.2 Summonings
 - Level 0.7 Translocations
 + Level 0.2 Air Magic


You had one spell level left.
You knew the following spells:

 Your Spells              Type           Power      Damage    Failure   Level
p - Call Imp              Summ           6%         N/A       17%         2
t - Static Discharge      Conj/Air       14%        2-3/arc   16%         2
v - Blink                 Tloc           8%         N/A       22%         2
z - Magic Dart            Conj           44%        1d5       6%          1

Your spell library contained the following spells:

 Spells                   Type           Power      Damage    Failure   Level
 Slow                     Hex            8%         N/A       19%         1
 Cigotuvi's Dreadful Rot  Necr/Pois/Air  4%         N/A       26%         2
 Mephitic Cloud           Conj/Pois/Air  5%         N/A       36%         3
 Vhi's Electric Charge    Tloc/Air       6%         N/A       43%         3
 Arcjolt                  Conj/Air       3%         1d13      95%         5
 Lightning Bolt           Conj/Air       3%         1d15      95%         5


Dungeon Overview and Level Annotations

Branches:
Dungeon (2/15)

Altars:

Annotations:
D:1 Terence


Innate Abilities, Weirdness & Mutations

You have a beak for a mouth.
You have claws for feet.


Message History

You don't know that spell.
The magic dart hits Terence but does no damage.
Terence is lightly wounded.
Casting: Magic Dart (safe; 6% risk of failure)
Confirm with . or Enter, or press ? or * to list all spells.
You miscast Static Discharge.
You are very lightly contaminated with residual magic.
Nothing appears to happen.
* * * LOW MAGIC WARNING * * *
Terence closely misses you.
Unknown command.
Casting: Static Discharge (safe; 16% risk of failure)
Confirm with . or Enter, or press ? or * to list all spells.
Terence is struck by an arc of lightning.
Terence is lightly wounded.
You are struck by an arc of lightning.
The lightning grounds out.
The quokka is struck by an arc of lightning.
The quokka is almost dead.
Terence is struck by an arc of lightning.
Terence is moderately wounded.
You are struck by an arc of lightning.
Terence is struck by an arc of lightning.
Terence is heavily wounded.
The lightning grounds out.
* * * LOW MAGIC WARNING * * *
The quokka bites you but does no damage.
Terence hits you with a +0 falchion!
* * * LOW HITPOINT WARNING * * *
Unknown command.
You hit Terence but do no damage. You claw Terence. You peck Terence.
Terence is heavily wounded.
The quokka bites you.
* * * LOW HITPOINT WARNING * * *
Terence hits you but does no damage.
Unknown command.
The quokka barely misses you. The quokka closely misses you.
Terence barely misses you.
You climb upwards.
There is a stone staircase leading down here.
Terence attacks as you move away! Terence hits you with a +0 falchion!
You die...

░.)..░.░....░░.░.░...░░.░░.......
░.░░.░.......░.░.....░░.░░.......
░.░░.░░░░░░..░.░░░.░....░░.......
░.░░....░.░..)...░.░....░░.......
░.░.......░....░.░.░....░░.......
░.░░░░░░░.░....░...░.>..░░.......
░.....░ ░.░.░..░...░....░░.).....
░░░.░░░ ░.░.░....r.'...░░░░░░░░░░
░.░ ░.░)░...Q..░...░ ░░░'░░
░.░.░..░@..░░░░░░░░░░
.....░░░░.░.░..░...░........░
.....†......░..░...░........░
...............░...░........░
...............'...░........░
...............░...░........░
...............░...░........░
...............░░░░░........░░░░░


You could see Terence and a quokka.

Vanquished Creatures
  A dart slug (D:1)
  4 goblins (D:1)
  4 hobgoblins (D:1)
  5 kobolds (D:1)
  3 ball pythons (D:1)
  5 bats (D:1)
  2 frilled lizards (D:1)
  2 rats (D:1)
26 creatures vanquished.

Notes
Turn   | Place    | Note
-------+----------+-------------------------------------------
     0 | D:1      | utis the Tengu Hedge Wizard began the quest for the Orb.
     0 | D:1      | Reached XP level 1. HP: 10/10 MP: 5/5
   274 | D:1      | Reached XP level 2. HP: 16/16 MP: 5/7
   623 | D:1      | Learned a level 2 spell: Static Discharge
   721 | D:1      | Reached skill level 1 in Fighting
   747 | D:1      | Learned a level 2 spell: Call Imp
   750 | D:1      | Learned a level 2 spell: Blink
   884 | D:1      | Reached XP level 3. HP: 20/20 MP: 6/8
  1192 | D:2      | Noticed Terence
  1208 | D:1      | Slain by Terence

Illustrated notes

Levels and vault maps discovered:
D:1:      kennysheep_arrival_seaside, layout_basic
D:2:      layout_rooms, minmay_split_cup_large, uniq_terence

Skill      XL: |  1  2 |
---------------+-------+-----
Conjurations   | 2 |  2.9
Fighting       | 1 |  1.0
Dodging        | |  2.6
Stealth        | |  2.0
Spellcasting   | |  3.0
Summonings     | |  1.2
Translocations | |  0.7
Air Magic      | |  0.2

Action                     || total
---------------------------++-------
  Melee: Dagger            ||     8
         Kick              ||    12
         Short sword       ||    30
         Peck              ||     4
   Cast: Magic Dart        ||    36
         Static Discharge  ||     1
   Stab: Sleeping          ||     1
 Armour: Robe              ||     7
  Dodge: Dodged            ||    22

Table legend: (Time is in decaauts)
 A = Elapsed time spent in this place.
 B = Non-inter-level travel time spent in this place.
 C = Inter-level travel time spent in this place.
 D = Time resting spent in this place.
 E = Time spent auto-exploring this place.
 F = Levels seen in this place.
 G = Mean time per level.
                   A        B        C        D        E       F      G
               +--------+--------+--------+--------+--------+-----+--------+
         Total |   1208 |   1151 |     57 |    161 |    703 |   2 |  604.0 |
       Dungeon |   1208 |   1151 |     57 |    161 |    703 |   2 |  604.0 |
               +--------+--------+--------+--------+--------+-----+--------+

Top non-repeatable levels by time:
     D:1: 1187 daAuts
     D:2: 20 daAuts
